 Dungeon Crawl Stone Soup version 0.31.0 (webtiles) character file.

Game seed: 10484921866399878237

93 Arctor the Shooter (level 4, 0/26 HPs)
             Began as a Kobold Hexslinger on Jan 19, 2024.
             Slain by a cerulean imp
             ... wielding a +0 spear
             ... summoned by Natasha
              (4 damage)
             ... on level 2 of the Dungeon.
             The game lasted 00:00:41 (1392 turns).

Arctor the Shooter (Kobold Hexslinger)              Turns: 1392, Time: 00:00:42

Health: 0/26       AC:  2    Str:  5    XL:     4   Next: 91%
Magic:  7/7        EV: 16    Int: 14    God:
Gold:   113        SH:  0    Dex: 19    Spells: 7/7 levels left

rFire   . . .        a - +1 sling
rCold   . . .        (no shield)
rNeg    . . .        c - +0 robe
rPois   .            (no helmet)
rElec   .            (no cloak)
rCorr   .            (no gloves)
SInv    .            (no boots)
Will    .....        (no amulet)
Stlth   +++          (no ring)
HPRegen 0.24/turn    (no ring)
MPRegen 0.10/turn

%: no passive effects
@: no status effects
A: small, no large weapons, nightstalker 3
a: no special abilities


You were on level 2 of the Dungeon.
You visited 1 branch of the dungeon, and saw 2 of its levels.

You collected 113 gold pieces.

Inventory:

Hand Weapons
 a - a +1 sling (weapon)
Armour
 c - a +0 robe (worn)
Jewellery
 e - a ring of resist corrosion
Scrolls
 b - a scroll of poison
 f - a scroll of fog {unknown}
 g - a scroll of blinking {unknown}
Potions
 d - a potion of curing {unknown}


   Skills:
 + Level 2.0 Fighting
 + Level 3.5 Ranged Weapons
 + Level 3.1 Dodging
 + Level 2.1 Spellcasting
 + Level 3.4 Hexes
 + Level 1.7 Fire Magic


You had 7 spell levels left.
You didn't know any spells.
Your spell library contained the following spells:

 Spells                   Type           Power      Damage    Failure   Level
 Jinxbite                 Hex            22%        N/A       9%          2
 Sigil of Binding         Hex            11%        N/A       17%         3
 Inner Flame              Hex/Fire       8%         N/A       24%         3
 Cause Fear               Hex            5%         N/A       50%         4
 Dimensional Bullseye     Hex/Tloc       3%         N/A       75%         4


Dungeon Overview and Level Annotations

Branches:
Dungeon (2/15)

Altars:
Makhleb

Annotations:
D:2 Natasha


Innate Abilities, Weirdness & Mutations

You are small and have problems with some larger weapons.
You are completely attuned to the shadows.


Message History

You shoot a sling bullet. The sling bullet hits Natasha.
Natasha is lightly wounded.
Natasha closely misses you.
You shoot a sling bullet. The sling bullet misses Natasha.
Natasha claws you. x2
You shoot a sling bullet. The sling bullet barely misses Natasha.
Natasha claws you!
* * * LOW HITPOINT WARNING * * *
You are too injured to fight recklessly!
You are too injured to fight recklessly!
You are too injured to fight recklessly!
You are too injured to fight recklessly!
You are too injured to fight recklessly!
You shoot a sling bullet. The sling bullet hits Natasha.
Natasha is heavily wounded.
Natasha mewls in sadness.
Natasha barely misses you.
You don't know any spells.
Sorry, you're not good enough to have a special ability.
You shoot a sling bullet. The sling bullet hits Natasha.
Natasha is severely wounded.
Natasha barely misses you.
You shoot a sling bullet.
The sling bullet closely misses Natasha.
Natasha mumbles some strange words.
Natasha wildly gestures.
You feel troubled. Natasha claws you.
* * * LOW HITPOINT WARNING * * *
You shoot a sling bullet. The sling bullet misses Natasha.
Natasha casts a spell.
The cerulean imp closely misses you.
You shoot a sling bullet. The sling bullet hits Natasha.
Natasha is severely wounded.
Natasha closely misses you. The cerulean imp barely misses you.
You shoot a sling bullet. The sling bullet hits Natasha.
Natasha is almost dead.
Natasha claws you.
* * * LOW HITPOINT WARNING * * *
The cerulean imp hits you from afar with a +0 spear.
You die...

#..†.....# #.### .#.†.###.# #.#
##.## #.# #.# #.# #.# #.#
######.# #.# #.# .......#
#.##### ####^# ####.### #....>.
#..>.### #.# #5##### #.##....
#.#### #@# #.#.####
#####.......h(# #.# #...#...
#...........#5# #.###...#...
###..##.#####...####.##....#...
.........##.....<....###...#...
.........##......#.........#...
.........##...##...###.###.#...
.........###.####.####.#####...
.........###.# #.#........#.##


You could see Natasha and 2 cerulean imps.

Vanquished Creatures
  Natasha (twice) (D:2)
  2 adders (D:2)
  A dart slug (D:2)
  2 endoplasms (D:2)
  A giant cockroach (D:2)
  3 hobgoblins
  3 jackals (D:1)
  A kobold (D:2)
  A quokka (D:1)
  2 ball pythons
  A bat (D:1)
  4 frilled lizards
  A goblin (D:1)
  A rat (D:1)
25 creatures vanquished.

Notes
Turn   | Place    | Note
-------+----------+-------------------------------------------
     0 | D:1      | Arctor the Kobold Hexslinger began the quest for the Orb.
     0 | D:1      | Reached XP level 1. HP: 12/12 MP: 2/2
   361 | D:1      | Reached XP level 2. HP: 16/16 MP: 3/3
   885 | D:2      | Reached XP level 3. HP: 18/20 MP: 5/5
   982 | D:2      | Noticed Natasha
   986 | D:2      | Killed Natasha
   987 | D:2      | Reached XP level 4. HP: 18/26 MP: 6/6
  1158 | D:2      | Found a burning altar of Makhleb.
  1159 | D:2      | Found a faded altar of an unknown god.
  1170 | D:2      | Noticed Natasha
  1186 | D:2      | Killed Natasha
  1381 | D:2      | Noticed Natasha
  1392 | D:2      | Slain by a cerulean imp

Illustrated notes

Levels and vault maps discovered:
D:1:      scummos_arrival_star, layout_basic
D:2:      layout_loops_ring, basic_ecumenical_altar, basic_altar,
          minmay_misc_feat_columns, minmay_crystal_room, uniq_natasha

Skill      XL: |  1  2  3  4 |
---------------+-------------+-----
Ranged Weapons | 3 |  3.5
Dodging        | 3 |  3.1
Fighting       | 2 |  2.0
Spellcasting   | 2 |  2.1
Hexes          | |  3.4
Fire Magic     | |  1.7

Action                     |  1- 3 |  4- 6 || total
---------------------------+-------+-------++-------
   Fire: Sling             |    50 |    34 ||    84
 Armour: Robe              |    10 |    14 ||    24
  Dodge: Dodged            |    16 |    16 ||    32
